Map: Dreamcatcher LE

Players

admiral

  • Race: Protoss Protoss
  • League: Platinum
  • Spawn Location: 11:00

Sketchaphone - Winner!

  • Race: Zerg Zerg
  • League: Gold
  • Spawn Location: 5:00

VOD

Have the link to the VOD?

Description

Time

  • Played on: Nov. 10, 2018, 4:30 p.m.
  • Length: 12:52
Show
View Real Time Build Order
Export as new Build Order

admiral Protoss 

Build Orders: Cannon Rush 

Get SALT Encoding   

  12  0:01  Probe  
  13  0:13  Probe  
  14  0:25  Pylon, Probe  
  15  0:42  Probe  
  15  0:44  Forge  
  16  0:50  Probe  
  17  0:58  Probe  
  18  1:08  Assimilator  
  18  1:09  Probe  
  19  1:12  Assimilator  
  19  1:21  Pylon, Probe  
  20  1:33  Probe  
  20  1:34  Assimilator  
  21  1:40  Assimilator  
  21  1:50  Photon Cannon  
  21  1:51  Photon Cannon  
  21  1:57  Photon Cannon  
  21  2:01  Pylon  
  21  2:09  Pylon  
  21  2:11  Probe  
  22  2:24  Photon Cannon  
  22  2:28  Gateway  
  21  2:47  Gateway  
  21  2:52  Probe  
  22  3:04  Probe  
  23  3:15  Zealot  
  25  3:21  Probe  
  26  3:31  Photon Cannon  
  26  3:37  Pylon  
  26  3:44  Zealot  
  28  4:22  Cybernetics Core  
  27  4:37  Zealot  
  29  4:53  Photon Cannon  
  29  4:59  Pylon  
  29  5:04  Nexus  
  29  5:13  Warp Gate  
  28  5:33  Stargate  
  28  5:34  Stargate  
  28  5:50  Probe  
  29  6:02  Probe  
  30  6:08  Oracle x2  
  30  6:15  Probe  
  31  6:24  Adept  
  37  6:28  Probe  
  40  6:35  Probe  
  41  6:40  Probe  
  43  6:47  Probe  
  43  6:48  Phoenix x2  
  43  6:52  Probe, Assimilator  
  48  6:55  Assimilator  
  48  7:13  Probe x2  
  50  7:20  Void Ray x2  
  58  7:27  Probe x2  
  60  7:39  Probe x2  
  62  7:56  Void Ray x2  
  59  7:59  Probe x2  
  61  8:11  Probe  
  70  8:33  Probe x2  
  64  8:45  Probe  
  45  9:33  Pylon  
  42  10:01  Pylon  
  41  10:15  Pylon  
  41  10:18  Pylon  
  41  10:25  Probe  
  41  10:26  Void Ray x2  
  50  10:47  Stargate  
  50  10:49  Pylon  
  50  10:50  Probe  
  50  10:52  Photon Cannon  
  50  10:53  Photon Cannon  
  40  11:27  Void Ray  
  40  11:28  Void Ray  
  40  11:29  Probe  
  49  11:41  Probe  
Show
View Real Time Build Order
Export as new Build Order

Sketchaphone Zerg - Winner!

Build Orders: Hatch First 

Get SALT Encoding   

  12  0:03  Drone  
  13  0:12  Overlord  
  13  0:19  Drone  
  14  0:33  Drone x2  
  16  0:38  Drone  
  17  0:55  Hatchery  
  16  1:11  Spawning Pool  
  15  1:18  Drone x2  
  17  1:26  Drone  
  18  1:44  Overlord  
  18  1:45  Drone  
  19  1:53  Hatchery  
  18  1:58  Zergling x2  
  19  2:03  Queen  
  19  2:08  Drone  
  22  2:34  Zergling x8  
  26  2:39  Zergling x4  
  28  2:52  Zergling x2  
  28  2:59  Zergling x2  
  26  3:12  Hatchery  
  26  3:18  Zergling x4  
  27  3:24  Zergling x2  
  28  3:29  Zergling x6  
  31  3:56  Zergling x4  
  33  4:04  Overlord  
  33  4:10  Spine Crawler  
  32  4:25  Hatchery  
  31  4:33  Overlord, Drone x2  
  31  4:34  Drone, Extractor  
  31  4:35  Queen  
  35  4:40  Overlord, Drone x2  
  35  4:41  Overlord  
  35  4:42  Drone  
  38  4:59  Drone x2  
  41  5:00  Drone  
  41  5:04  Drone  
  42  5:11  Drone  
  42  5:32  Overlord, Extractor  
  42  5:34  Zergling x10  
  46  5:40  Roach Warren  
  46  5:42  Queen  
  45  5:44  Drone x3  
  50  5:59  Metabolic Boost  
  48  6:11  Overlord  
  48  6:12  Drone x2  
  48  6:13  Drone  
  48  6:17  Drone x2  
  53  6:22  Drone x2  
  55  6:35  Roach x7  
  55  6:36  Zergling x2  
  70  6:42  Spore Crawler  
  70  6:44  Spore Crawler  
  70  6:46  Spore Crawler  
  67  6:49  Drone x2  
  69  6:55  Roach x2  
  73  7:04  Roach x3  
  79  7:21  Roach  
  79  7:22  Roach  
  83  7:24  Overlord x2  
  83  7:25  Overlord  
  83  7:33  Overlord  
  83  7:42  Queen  
  83  7:43  Drone x2  
  83  7:44  Drone  
  86  7:49  Drone x3  
  87  7:56  Drone  
  87  7:59  Drone x2  
  87  8:00  Roach x2  
  95  8:05  Roach  
  95  8:06  Roach  
  95  8:10  Ravager x4  
  101  8:13  Roach  
  103  8:24  Roach  
  90  8:50  Roach x2, Zergling x18  
  90  8:51  Roach  
  90  9:09  Zergling x6  
  86  9:17  Zergling x2  
  86  9:18  Zergling x4  
  86  9:23  Zergling x6  
  88  9:27  Lair  
  88  9:28  Spore Crawler  
  84  9:32  Spore Crawler  
  84  9:35  Spore Crawler  
  84  9:36  Drone x2  
  84  9:37  Zergling x2, Spore Crawler  
  84  9:44  Roach x6  
  92  9:53  Overlord x2  
  80  10:14  Zergling x18  
  85  10:17  Hatchery  
  85  10:20  Evolution Chamber  
  73  10:25  Roach x3  
  73  10:39  Glial Reconstitution  
  73  10:41  Hydralisk Den, Drone x3  
  74  10:48  Drone  
  74  10:49  Drone x7  
  82  10:52  Drone x3  
  71  11:13  Zergling x14  
  74  11:19  Zergling x12  
  77  11:26  Extractor  
  77  11:28  Extractor  
  77  11:31  Roach x4  
  83  11:34  Hydralisk  
  84  11:41  Grooved Spines  
  80  12:00  Zergling x30  
  91  12:02  Hydralisk x3  
  91  12:07  Spore Crawler  
  94  12:09  Spore Crawler  
  94  12:10  Queen, Spore Crawler  
  94  12:12  Drone  
  78  12:17  Drone x2  
  78  12:18  Spore Crawler, Drone  
  78  12:20  Spore Crawler  
  74  12:30  Spore Crawler  
Tags
 
Add a new tag
Caveats
  • Supply blocks, unpowered buildings, or Contaminate may cause inaccurate times.
  • Supply counts are checked every 10 seconds.